 Dungeon Crawl Stone Soup version 0.31-a0-965-g8a8ce12e04 (webtiles) character file.

Game seed: 13792370901189480710

425 wildpjah the Slasher (level 7, -5/54 HPs)
             Began as a Human Monk on Oct 26, 2023.
             Was a Priest of Makhleb.
             Slain by an ogre
             ... wielding a +0 giant club
              (26 damage)
             ... on level 4 of the Dungeon.
             The game lasted 00:07:48 (3864 turns).

wildpjah the Slasher (Human Monk)                   Turns: 3864, Time: 00:07:49

Health: -5/54      AC:  3    Str: 11    XL:     7   Next: 18%
Magic:  6/8        EV: 14    Int: 10    God:    Makhleb [***...]
Gold:   205        SH:  0    Dex: 18    Spells: 4/8 levels left

rFire   . . .        a - +0 falchion
rCold   . . .        d - orb {light}
rNeg    . . .        b - +0 robe
rPois   .            k - +0 helmet
rElec   .            (no cloak)
rCorr   .            (no gloves)
SInv    .            (no boots)
Will    .....        (no amulet)
Stlth   +            (no ring)
HPRegen 0.29/turn    (no ring)
MPRegen 0.11/turn

%: no passive effects
@: very slightly contaminated, glowing
A: no striking features
a: Renounce Religion, Minor Destruction, Lesser Servant of Makhleb


You were on level 4 of the Dungeon.
You worshipped Makhleb.
Makhleb was most pleased with you.
You visited 1 branch of the dungeon, and saw 4 of its levels.

You collected 205 gold pieces.

Inventory:

Hand Weapons
 a - a +0 falchion (weapon)
Missiles
 m - 8 boomerangs
Armour
 b - a +0 robe (worn)
 d - an orb of light (worn)
 k - a +0 helmet (worn)
Jewellery
 p - a ring of positive energy
 w - a ring of see invisible
Scrolls
 e - a scroll of amnesia {unknown}
 f - 2 scrolls of teleportation {unknown}
 i - a scroll of enchant weapon {unknown}
 j - 2 scrolls of blinking {unknown}
 o - 3 scrolls of identify {unknown}
 r - a scroll of enchant armour {unknown}
 s - a scroll of revelation {unknown}
 u - 3 scrolls of poison {unknown}
Potions
 c - a potion of ambrosia
 g - a potion of mutation {unknown}
 h - 3 potions of curing {unknown}
 l - a potion of brilliance {unknown}
 n - a potion of attraction {unknown}
 q - 2 potions of lignification {unknown}
 t - a potion of invisibility {unknown}
 v - a potion of heal wounds {unknown}
 x - a potion of berserk rage {unknown}


   Skills:
 + Level 4.1 Fighting
 + Level 5.6 Long Blades
 * Level 4.2 Dodging
 + Level 0.9 Stealth
 + Level 1.0 Spellcasting
 + Level 0.8 Conjurations
 + Level 1.0 Fire Magic
 + Level 0.1 Invocations


You had 4 spell levels left.
You knew the following spells:

 Your Spells              Type           Power      Damage    Failure   Level
a - Foxfire               Conj/Fire      8%         2x1d4     24%         1
b - Passwall              Tmut/Erth      0%         N/A       45%         2
c - Shock                 Conj/Air       4%         1d3       28%         1

Your spell library contained the following spells:

 Spells                   Type           Power      Damage    Failure   Level
 Necrotise                Necr           0%         1d4       34%         1
 Sting                    Tmut/Pois      0%         1d3       34%         1
 Hailstorm                Conj/Ice       1%         3d3       65%         3
 Animate Dead             Necr           0%         N/A       98%         4
 Summon Ice Beast         Ice/Summ       0%         N/A       98%         4
 Borgnjor's Vile Clutch   Necr/Erth      0%         N/A       100%        5
 Plasma Beam              Fire/Air       0%         2x1d10    100%        6
 Simulacrum               Ice/Necr       0%         N/A       100%        6
 Starburst                Conj/Fire      1%         6d3       100%        6
 Borgnjor's Revivificati  Necr           0%         N/A       100%        8


Dungeon Overview and Level Annotations

Branches:
Dungeon (4/15)
 Temple: D:4-7

Altars:
Elyvilon
Makhleb
Sif Muna
Trog

Shops:
D:1 [   D:3 !


Message History

You slash the ball python!
You kill the ball python!
Makhleb accepts your kill.
You see here a ball python corpse.
Your magical contamination has completely faded away.
Magic restored.
Found a club.
x - a bubbling green potion
o - 3 scrolls labelled SACRIX QUTSAKO (gained 1)
An ogre comes into view. It is wielding a +0 giant club.
Found a robe.
The ogre shouts!
Casting: Shock (safe; 28% risk of failure)
Confirm with . or Enter, or press ? or * to list all spells.
Aiming: Shock (safe; 28% risk of failure)
Press: ? - help, Shift-Dir - straight line, f - ogre
Aim: an ogre, wielding a +0 giant club (haloed, 89% to hit)
The zap hits the ogre.
The ogre is lightly wounded.
Casting: Shock (safe; 28% risk of failure)
Confirm with . or Enter, or press ? or * to list all spells.
You miscast Foxfire.
You are very lightly contaminated with residual magic.
Nothing appears to happen.
You hit the ogre but do no damage.
The ogre is lightly wounded.
The ogre barely misses you.
You hit the ogre.
The ogre is moderately wounded.
The ogre misses you.
You hit the ogre.
The ogre is heavily wounded.
You hit the ogre.
The ogre is severely wounded.
The ogre hits you with a +0 giant club!!
Ouch! That really hurt!
You hit the ogre.
The ogre is almost dead.
The ogre hits you with a +0 giant club!!
You die...

#.#.....#
#.......#
.....#....##
.....+....+
.....#....#
..)..#....#####
## ...
#........# #.
#........# #.
#...@....# #. #.
#####O...# #. #.
....# ####.###.
................
................
................
................
#.[............#
.........


You could see an ogre.

Vanquished Creatures
  Sigmund (D:2)
  A scorpion (D:3)
  A hound (D:4)
  A gnoll bouda (D:4)
  7 gnolls
  2 adders (D:2)
  A dart slug (D:1)
  A worm (D:2)
  5 orcs (D:3)
  11 ball pythons
  5 bats
  3 endoplasms
  3 giant cockroaches (D:1)
  7 goblins
  7 hobgoblins
  4 jackals (D:2)
  5 kobolds
  A quokka (D:4)
  3 frilled lizards
  4 rats
73 creatures vanquished.

Vanquished Creatures (others)
  18 foxfires
18 creatures vanquished.

Grand Total: 91 creatures vanquished

Notes
Turn   | Place    | Note
-------+----------+-------------------------------------------
     0 | D:1      | wildpjah the Human Monk began the quest for the Orb.
     0 | D:1      | Reached XP level 1. HP: 18/18 MP: 1/1
     8 | D:1      | Found Hasmutt's Antique Armour Emporium.
    95 | D:1      | Reached XP level 2. HP: 24/24 MP: 2/2
   228 | D:1      | Found a faded altar of an unknown god.
   280 | D:1      | Prayed at the altar of an unknown god.
   280 | D:1      | Became a worshipper of Makhleb the Destroyer
   280 | D:1      | Reached * piety under Makhleb
   280 | D:1      | Reached ** piety under Makhleb
   297 | D:1      | Reached XP level 3. HP: 29/29 MP: 3/3
   668 | D:1      | Learned a level 1 spell: Foxfire
   990 | D:2      | Reached XP level 4. HP: 21/35 MP: 2/4
   995 | D:2      | Reached skill level 4 in Long Blades
   999 | D:2      | Reached *** piety under Makhleb
  1563 | D:2      | Reached XP level 5. HP: 34/41 MP: 3/5
  1638 | D:2      | Noticed Sigmund
  1662 | D:2      | Killed Sigmund
  1663 | D:2      | Reached skill level 5 in Long Blades
  1663 | D:2      | Reached XP level 6. HP: 9/48 MP: 3/7
  2103 | D:3      | Identified the "Quxuhe"
  2103 | D:3      | Identified the "Xuadog"
  2103 | D:3      | Identified the "Suwuptaw"
  2103 | D:3      | Found a bloodstained altar of Trog.
  2148 | D:3      | Found Dovikl Caop's Distillery.
  2182 | D:3      | Found a white marble altar of Elyvilon.
  2197 | D:3      | Found a shimmering blue altar of Sif Muna.
  2399 | D:3      | Found a burning altar of Makhleb.
  3026 | D:4      | Identified the "Afyrec"
  3146 | D:4      | Reached skill level 1 in Spellcasting
  3146 | D:4      | Reached skill level 1 in Fire Magic
  3146 | D:4      | Reached XP level 7. HP: 39/54 MP: 5/8
  3617 | D:4      | Learned a level 2 spell: Passwall
  3684 | D:3      | Learned a level 1 spell: Shock
  3864 | D:4      | Slain by an ogre

Illustrated notes

Levels and vault maps discovered:
D:1:      dpeg_arrival_simpleton_b, layout_basic, serial_shops, shop,
          ebering_ecumenical_altar_abandoned
D:2:      layout_loops_corners, ebering_dispersal_statue_hall,
          grunt_ministairs_10, uniq_sigmund
D:3:      layout_basic, nicolae_sif_muna_little_library, lemuel_crystal_altar,
          elyvilon_altar_5, amcnicky_altar_gilded, serial_shops,
          nicolae_shop_temple_entry_statues_fountains
D:4:      layout_basic, saegor_snake_ambush

Skill      XL: |  1  2  3  4  5  6 |
---------------+-------------------+-----
Long Blades    | 4 5 |  5.6
Fighting       | 4 |  4.1
Dodging        | 4 |  4.2
Spellcasting   | 1 |  1.0
Fire Magic     | 1 |  1.0
Stealth        | |  0.9
Conjurations   | |  0.8
Invocations    | |  0.1

Action                     |  1- 3 |  4- 6 |  7- 9 || total
---------------------------+-------+-------+-------++-------
  Melee: Falchion          |    69 |   108 |    42 ||   219
   Cast: Foxfire           |     1 |    10 |       ||    11
         Shock             |       |       |     3 ||     3
         Passwall          |       |       |     2 ||     2
 Invoke: Minor Destruction |       |     2 |       ||     2
 Armour: Robe              |    31 |    81 |    14 ||   126
  Dodge: Dodged            |    60 |   101 |    38 ||   199

Table legend: (Time is in decaauts)
 A = Elapsed time spent in this place.
 B = Non-inter-level travel time spent in this place.
 C = Inter-level travel time spent in this place.
 D = Time resting spent in this place.
 E = Time spent auto-exploring this place.
 F = Levels seen in this place.
 G = Mean time per level.
                   A        B        C        D        E       F      G
               +--------+--------+--------+--------+--------+-----+--------+
         Total |   3892 |   3747 |    145 |      0 |   3164 |   4 |  973.0 |
       Dungeon |   3892 |   3747 |    145 |      0 |   3164 |   4 |  973.0 |
               +--------+--------+--------+--------+--------+-----+--------+

Top non-repeatable levels by time:
     D:2: 1283 daAuts
     D:3: 1024 daAuts
     D:1: 833 daAuts
     D:4: 751 daAuts
